General information
- name: BNet
- type: Ladder team game (AT/RT)
- host: Battle.net
- saver: Titanfall_goty
map: Deadlock
- players: 8
- length: 66:06
- speed: Fast
- version: 1.26 W3XP
- replay type: Public
» download(344 KB)
Players
team 1 (winner)

»
OneNoob (
yellow | 32 APM | 1477 actions | 45:44)
7 Naga Sea Witch
3 Frost Arrows
3 Forked Lightning
1 Tornado
6 Keeper of the Grove
3 Entangling Roots
2 Thorns Aura
1 Tranquility
» actions
| Assign group hotkey | 43 | |
| Build / train | 105 | |
| ESC pressed | 1 | |
| Enter build submenu | 17 | |
| Enter hero's abilities submenu | 13 | |
| Give item / drop item | 6 | |
| Right click | 683 | |
| Select / deselect | 408 | |
| Select group hotkey | 99 | |
| Use ability | 102 | |
1477 total
» units
| Wisp | 18 | |
| Archer | 13 | |
| Druid of the Talon | 4 | |
| Hippogryph | 8 | |
| Chimaera | 9 | |
| Glaive Thrower | 2 | |
54 total
» upgrades
| Strength of the Moon | 2 | |
| Moon Armor | 1 | |
| Ultravision | 1 | |
| Strength of the Wild | 3 | |
| Reinforced Hides | 3 | |
| Improved Bows | 1 | |
| Druid of the Talon Training | 2 | |
| Hippogryph Taming | 1 | |
| Marksmanship | 1 | |
| Nature's Blessing | 1 | |
| Mark of the Talon | 1 | |
| Corrosive Breath | 1 | |
| Vorpal Blades | 1 | |
| Well Spring | 1 | |
20 total
» buildings
| Moon Well | 8 | |
| Ancient of War | 1 | |
| Altar of Elders | 1 | |
| Hunter's Hall | 1 | |
| Tree of Life | 1 | |
| Ancient Protector | 1 | |
| Tree of Ages | 1 | |
| Ancient of Wind | 2 | |
| Tree of Eternity | 1 | |
| Chimaera Roost | 2 | |
19 total
» build order
00:11 Moon Well
00:22 Ancient of War
00:50 Altar of Elders
01:31 Moon Well
02:33 Moon Well
03:40 Hunter's Hall
04:55 Tree of Life
04:58 Ancient Protector
05:13 Moon Well
05:41 Tree of Ages
06:55 Moon Well
08:29 Ancient of Wind
08:33 Ancient of Wind
09:13 Tree of Eternity
13:25 Chimaera Roost
13:31 Chimaera Roost
15:12 Moon Well
21:48 Moon Well
40:27 Moon Well
» items
| Dust of Appearance | 2 | |
| Boots of Speed | 1 | |
| Scroll of Town Portal | 5 | |
| Potion of Mana | 1 | |
| Orb of Lightning | 1 | |
| Tiny Great Hall | 1 | |
| Healing Salve | 2 | |
| Scroll of Speed | 1 | |
14 total

»
Chomper (
orange | 42 APM | 1913 actions | 45:17)
5 Mountain King
3 Storm Bolt
2 Bash
3 Paladin
2 Holy Light
1 Divine Shield
» actions
| Assign group hotkey | 14 | |
| Basic commands | 10 | |
| Build / train | 69 | |
| Enter build submenu | 31 | |
| Enter hero's abilities submenu | 8 | |
| Right click | 1290 | |
| Select / deselect | 356 | |
| Select group hotkey | 30 | |
| Use ability | 105 | |
1913 total
» units
| Peasant | 12 | |
| Footman | 7 | |
| Spell Breaker | 4 | |
| Dragonhawk Rider | 7 | |
30 total
» upgrades
| Defend | 1 | |
| Cloud | 1 | |
| Animal War Training | 1 | |
| Swords | 1 | |
| Plating | 1 | |
5 total
» buildings
| Altar of Kings | 1 | |
| Farm | 9 | |
| Barracks | 1 | |
| Scout Tower | 8 | |
| Arcane Tower | 2 | |
| Lumber Mill | 1 | |
| Arcane Vault | 2 | |
| Guard Tower | 4 | |
| Keep | 2 | |
| Town Hall | 3 | |
| Blacksmith | 1 | |
| Castle | 1 | |
| Arcane Sanctum | 2 | |
| Gryphon Aviary | 2 | |
39 total
» build order
00:06 Altar of Kings
00:10 Farm
00:22 Barracks
00:53 Farm
01:37 Scout Tower
02:10 Arcane Tower
02:23 Farm
02:58 Lumber Mill
03:02 Scout Tower
03:25 Arcane Vault
03:29 Farm
04:17 Guard Tower
04:59 Keep
05:54 Town Hall
05:57 Scout Tower
05:58 Scout Tower
06:07 Blacksmith
06:53 Guard Tower
06:54 Arcane Tower
06:57 Scout Tower
06:59 Scout Tower
07:13 Farm
07:31 Guard Tower
08:17 Castle
08:21 Arcane Sanctum
08:57 Gryphon Aviary
09:00 Gryphon Aviary
11:37 Scout Tower
12:24 Farm
12:26 Guard Tower
14:46 Farm
15:24 Farm
16:22 Farm
16:49 Scout Tower
18:49 Town Hall
19:27 Arcane Vault
20:42 Keep
21:42 Town Hall
23:16 Arcane Sanctum
» items
| Scroll of Regeneration | 3 | |
| Lesser Clarity Potion | 1 | |
| Potion of Healing | 1 | |
| Scroll of Town Portal | 5 | |
| Circlet of Nobility | 2 | |
| Boots of Speed | 1 | |
| Healing Salve | 1 | |
| Orb of Lightning | 1 | |
15 total
NaiLz7768 (
green | 38 APM | 1741 actions | 45:38)
5 Blademaster
2 Wind Walk
3 Critical Strike
4 Shadow Hunter
2 Healing Wave
2 Serpent Ward
» actions
| Assign group hotkey | 9 | |
| Build / train | 97 | |
| ESC pressed | 2 | |
| Enter build submenu | 48 | |
| Enter hero's abilities submenu | 9 | |
| Give item / drop item | 2 | |
| Remove unit from queue | 13 | |
| Right click | 537 | |
| Select / deselect | 288 | |
| Select group hotkey | 598 | |
| Use ability | 136 | |
1741 total
» units
| Peon | 26 | |
| Wind Rider | 18 | |
| Troll Batrider | 7 | |
| Raider | 2 | |
53 total
» upgrades
| Ranged Weapons | 3 | |
| Spiked Barricades | 3 | |
| Armor | 3 | |
| Liquid Fire | 2 | |
| Reinforced Defenses | 1 | |
| Envenomed Spears | 1 | |
| Melee Weapons | 2 | |
| Pillage | 1 | |
| Ensnare | 1 | |
17 total
» buildings
| Altar of Storms | 2 | |
| Orc Burrow | 7 | |
| Voodoo Lounge | 1 | |
| Stronghold | 1 | |
| War Mill | 6 | |
| Beastiary | 5 | |
| Great Hall | 8 | |
| Fortress | 1 | |
| Watch Tower | 12 | |
| Spirit Lodge | 2 | |
45 total
» build order
00:16 Altar of Storms
00:22 Orc Burrow
01:24 Voodoo Lounge
01:58 Stronghold
02:41 War Mill
02:53 Orc Burrow
03:20 Orc Burrow
04:23 Beastiary
04:26 Beastiary
07:12 Great Hall
07:40 Orc Burrow
07:57 Fortress
09:47 Orc Burrow
12:21 Beastiary
15:08 Great Hall
18:10 Great Hall
18:36 Great Hall
19:38 Watch Tower
19:48 Watch Tower
19:51 Watch Tower
20:17 Great Hall
20:26 Beastiary
20:35 Beastiary
20:54 Watch Tower
23:41 Watch Tower
23:53 Watch Tower
24:23 Watch Tower
24:36 Watch Tower
24:49 Watch Tower
25:16 Watch Tower
26:13 Great Hall
29:59 Spirit Lodge
30:01 Spirit Lodge
31:09 Great Hall
31:17 War Mill
31:39 Watch Tower
32:22 Watch Tower
32:32 War Mill
34:22 War Mill
35:24 War Mill
36:01 Great Hall
36:05 Altar of Storms
36:10 Orc Burrow
37:00 War Mill
41:08 Orc Burrow
» items
| Healing Salve | 2 | |
| Lesser Clarity Potion | 3 | |
| Scroll of Town Portal | 1 | |
| Orb of Lightning | 1 | |
7 total
SoSoSo (
purple | 48 APM | 3160 actions | 66:06)
10 Blademaster
3 Wind Walk
3 Critical Strike
1 Bladestorm
3 Mirror Image
» actions
| Assign group hotkey | 157 | |
| Basic commands | 35 | |
| Build / train | 122 | |
| Enter build submenu | 111 | |
| Enter hero's abilities submenu | 10 | |
| Give item / drop item | 7 | |
| Remove unit from queue | 10 | |
| Right click | 1627 | |
| Select / deselect | 561 | |
| Select group hotkey | 240 | |
| Use ability | 280 | |
3160 total
» units
| Peon | 20 | |
| Grunt | 7 | |
| Wind Rider | 10 | |
| Raider | -2 | |
35 total
» upgrades
| Ranged Weapons | 3 | |
| Armor | 3 | |
| Troll Regeneration | 1 | |
| Reinforced Defenses | 1 | |
| Envenomed Spears | 1 | |
| Melee Weapons | 3 | |
| Pillage | 1 | |
| Ensnare | 1 | |
14 total
» buildings
| Orc Burrow | 4 | |
| Altar of Storms | 1 | |
| Barracks | 1 | |
| Voodoo Lounge | 3 | |
| Stronghold | 1 | |
| War Mill | 3 | |
| Great Hall | 5 | |
| Watch Tower | 100 | |
| Beastiary | 3 | |
| Fortress | 1 | |
122 total
» build order
00:12 Orc Burrow
01:07 Altar of Storms
01:08 Barracks
01:12 Orc Burrow
01:43 Voodoo Lounge
02:50 Stronghold
04:10 War Mill
04:13 Orc Burrow
05:47 Great Hall
06:04 Watch Tower
06:07 Watch Tower
06:09 Watch Tower
06:12 Watch Tower
06:15 Watch Tower
08:50 Beastiary
08:51 Beastiary
08:54 Orc Burrow
09:05 Great Hall
09:09 Watch Tower
09:09 Watch Tower
09:09 Watch Tower
09:10 Watch Tower
09:11 Watch Tower
09:11 Watch Tower
10:41 Watch Tower
10:41 Watch Tower
10:41 Watch Tower
11:38 Fortress
15:17 Beastiary
15:23 War Mill
18:55 Watch Tower
18:57 Watch Tower
18:59 Watch Tower
19:01 Watch Tower
19:03 Watch Tower
22:37 Watch Tower
22:38 Watch Tower
22:38 Watch Tower
22:38 Watch Tower
22:39 Watch Tower
22:41 Watch Tower
22:41 Watch Tower
22:41 Watch Tower
22:42 Watch Tower
22:42 Watch Tower
26:55 Great Hall
27:06 Watch Tower
27:08 Watch Tower
27:08 Watch Tower
27:09 Watch Tower
27:17 Watch Tower
27:19 Watch Tower
27:21 Watch Tower
27:22 Watch Tower
27:27 Watch Tower
27:27 Watch Tower
27:27 Watch Tower
27:28 Watch Tower
27:29 Watch Tower
27:32 War Mill
31:28 Watch Tower
31:28 Watch Tower
31:29 Watch Tower
31:29 Watch Tower
31:30 Watch Tower
31:54 Voodoo Lounge
31:57 Voodoo Lounge
32:33 Watch Tower
32:33 Watch Tower
32:33 Watch Tower
32:34 Watch Tower
32:34 Watch Tower
34:14 Watch Tower
34:15 Watch Tower
34:15 Watch Tower
34:15 Watch Tower
34:16 Watch Tower
35:27 Great Hall
35:29 Watch Tower
35:29 Watch Tower
35:30 Watch Tower
35:31 Watch Tower
35:32 Watch Tower
35:33 Watch Tower
35:34 Watch Tower
35:34 Watch Tower
36:17 Watch Tower
36:21 Watch Tower
37:35 Watch Tower
37:35 Watch Tower
37:37 Watch Tower
39:45 Watch Tower
39:46 Watch Tower
39:57 Watch Tower
39:57 Watch Tower
39:58 Watch Tower
39:58 Watch Tower
40:00 Watch Tower
40:04 Watch Tower
40:05 Watch Tower
40:05 Watch Tower
40:06 Watch Tower
40:07 Watch Tower
40:08 Watch Tower
40:08 Watch Tower
40:09 Watch Tower
43:48 Watch Tower
43:48 Watch Tower
43:49 Watch Tower
43:49 Watch Tower
43:49 Watch Tower
47:46 Watch Tower
47:47 Watch Tower
47:47 Watch Tower
47:48 Watch Tower
47:49 Watch Tower
48:19 Great Hall
49:09 Watch Tower
49:10 Watch Tower
49:10 Watch Tower
49:10 Watch Tower
49:11 Watch Tower
» items
| Healing Salve | 8 | |
| Lesser Clarity Potion | 12 | |
| Scroll of Town Portal | 6 | |
| Orb of Lightning | 1 | |
| Potion of Healing | 8 | |
| Potion of Mana | 10 | |
| Periapt of Vitality | 3 | |
| Staff of Teleportation | 1 | |
| Potion of Lesser Invulnerability | 1 | |
50 total
team 2 (loser)

»
iscrewmilfs (
blue | 50 APM | 3145 actions | 63:11)
8 Mountain King
3 Storm Bolt
3 Bash
1 Avatar
1 Thunder Clap
1 Paladin
1 Holy Light
» actions
| Assign group hotkey | 6 | |
| Basic commands | 133 | |
| Build / train | 182 | |
| Enter build submenu | 54 | |
| Enter hero's abilities submenu | 9 | |
| Remove unit from queue | 3 | |
| Right click | 1855 | |
| Select / deselect | 712 | |
| Select group hotkey | 17 | |
| Use ability | 173 | |
3145 total
» units
| Peasant | 48 | |
| Footman | 14 | |
| Siege Engine | 16 | |
78 total
» upgrades
| Masonry | 3 | |
| Lumber Harvesting | 2 | |
| Gunpowder | 3 | |
| Barrage | 1 | |
| Plating | 3 | |
12 total
» buildings
| Farm | 14 | |
| Altar of Kings | 2 | |
| Barracks | 1 | |
| Arcane Vault | 2 | |
| Town Hall | 3 | |
| Scout Tower | 36 | |
| Keep | 9 | |
| Lumber Mill | 2 | |
| Arcane Tower | 1 | |
| Blacksmith | 2 | |
| Guard Tower | 22 | |
| Castle | 4 | |
| Workshop | 5 | |
103 total
» build order
00:07 Farm
00:09 Altar of Kings
00:12 Farm
00:18 Barracks
01:33 Farm
02:05 Arcane Vault
02:55 Farm
04:11 Town Hall
04:54 Scout Tower
04:55 Keep
04:55 Keep
04:56 Keep
04:56 Keep
05:14 Lumber Mill
05:25 Arcane Tower
05:30 Blacksmith
06:17 Scout Tower
06:42 Farm
06:42 Farm
06:43 Farm
06:50 Guard Tower
06:54 Scout Tower
06:56 Scout Tower
06:57 Scout Tower
07:20 Castle
08:08 Workshop
08:10 Guard Tower
08:12 Guard Tower
08:20 Guard Tower
09:00 Workshop
09:52 Workshop
10:14 Farm
11:48 Workshop
15:07 Workshop
16:03 Blacksmith
16:29 Scout Tower
16:34 Scout Tower
16:36 Scout Tower
16:37 Scout Tower
16:39 Scout Tower
16:41 Scout Tower
16:50 Scout Tower
16:54 Scout Tower
16:56 Scout Tower
17:08 Guard Tower
17:52 Guard Tower
18:44 Scout Tower
18:46 Scout Tower
18:47 Scout Tower
18:49 Scout Tower
18:50 Scout Tower
18:50 Scout Tower
18:51 Scout Tower
18:52 Scout Tower
18:52 Scout Tower
18:53 Scout Tower
20:08 Guard Tower
20:39 Guard Tower
21:15 Guard Tower
21:15 Guard Tower
21:15 Guard Tower
21:46 Guard Tower
22:14 Keep
22:15 Keep
22:15 Keep
24:44 Castle
24:45 Castle
24:45 Castle
25:54 Farm
25:55 Farm
25:56 Farm
25:57 Farm
25:58 Farm
25:59 Farm
26:10 Arcane Vault
27:01 Town Hall
33:49 Altar of Kings
34:23 Lumber Mill
39:23 Town Hall
39:28 Scout Tower
39:29 Scout Tower
39:30 Scout Tower
39:30 Scout Tower
39:31 Scout Tower
39:31 Scout Tower
39:32 Scout Tower
39:33 Scout Tower
39:34 Scout Tower
40:00 Guard Tower
40:33 Guard Tower
40:55 Guard Tower
41:22 Guard Tower
41:48 Guard Tower
42:38 Guard Tower
44:17 Guard Tower
44:19 Scout Tower
44:30 Scout Tower
44:30 Scout Tower
44:53 Guard Tower
45:21 Guard Tower
» items
| Scroll of Regeneration | 2 | |
| Lesser Clarity Potion | 5 | |
| Potion of Healing | 13 | |
| Orb of Fire | 1 | |
| Potion of Mana | 6 | |
| Scroll of Town Portal | 1 | |
28 total

»
bottle-up (
teal | 28 APM | 1393 actions | 49:38)
10 Blood Mage
3 Flame Strike
3 Siphon Mana
1 Summon Phoenix
3 Banish
» actions
| Basic commands | 16 | |
| Build / train | 128 | |
| Enter build submenu | 44 | |
| Enter hero's abilities submenu | 10 | |
| Remove unit from queue | 1 | |
| Right click | 637 | |
| Select / deselect | 477 | |
| Use ability | 80 | |
1393 total
» units
| Peasant | 16 | |
| Rifleman | 29 | |
| Siege Engine | 9 | |
| Flying Machine | 21 | |
75 total
» upgrades
| Gunpowder | 3 | |
| Armor | 3 | |
| Masonry | 2 | |
| Barrage | 1 | |
| Plating | 2 | |
| Long Rifles | 1 | |
| Magic Sentry | 1 | |
| Flak Cannons | 1 | |
| Flying Machine Bombs | 1 | |
15 total
» buildings
| Farm | 14 | |
| Altar of Kings | 1 | |
| Barracks | 2 | |
| Blacksmith | 1 | |
| Lumber Mill | 1 | |
| Keep | 1 | |
| Scout Tower | 17 | |
| Guard Tower | 11 | |
| Town Hall | 3 | |
| Arcane Tower | 1 | |
| Castle | 1 | |
| Arcane Vault | 1 | |
| Workshop | 1 | |
| Arcane Sanctum | 1 | |
56 total
» build order
00:55 Farm
01:10 Altar of Kings
01:25 Barracks
01:31 Blacksmith
01:36 Farm
02:15 Farm
02:23 Lumber Mill
03:13 Farm
03:53 Farm
04:42 Keep
04:45 Scout Tower
05:32 Guard Tower
05:38 Town Hall
06:11 Scout Tower
07:17 Arcane Tower
07:22 Scout Tower
08:20 Castle
08:23 Guard Tower
08:32 Arcane Vault
09:07 Workshop
11:10 Scout Tower
11:12 Scout Tower
11:15 Scout Tower
11:17 Scout Tower
11:53 Guard Tower
15:12 Scout Tower
15:16 Scout Tower
15:18 Farm
15:50 Guard Tower
15:53 Farm
15:55 Farm
16:46 Scout Tower
16:47 Scout Tower
18:47 Guard Tower
19:06 Scout Tower
19:09 Barracks
19:36 Guard Tower
19:54 Farm
19:59 Scout Tower
20:01 Scout Tower
20:53 Guard Tower
20:59 Guard Tower
21:47 Arcane Sanctum
23:11 Town Hall
23:23 Farm
24:17 Farm
25:16 Farm
26:01 Farm
26:59 Farm
32:59 Scout Tower
33:01 Scout Tower
33:15 Guard Tower
33:18 Scout Tower
33:20 Guard Tower
33:29 Town Hall
33:34 Guard Tower
» items
| Healing Salve | 1 | |
| Scroll of Regeneration | 1 | |
| Scroll of Town Portal | 5 | |
| Lesser Clarity Potion | 2 | |
| Orb of Fire | 1 | |
| Potion of Healing | 1 | |
| Potion of Lesser Invulnerability | 1 | |
12 total
carryme2victory (
pink | 30 APM | 1762 actions | 57:58)
6 Archmage
2 Summon Water Elemental
3 Brilliance Aura
1 Mass Teleport
» actions
| Assign group hotkey | 23 | |
| Basic commands | 6 | |
| Build / train | 90 | |
| ESC pressed | 8 | |
| Enter build submenu | 53 | |
| Enter hero's abilities submenu | 6 | |
| Right click | 840 | |
| Select / deselect | 456 | |
| Select group hotkey | 189 | |
| Use ability | 90 | |
1762 total
» units
| Peasant | 27 | |
| Footman | 2 | |
| Rifleman | 15 | |
| Priest | 9 | |
53 total
» upgrades
| Masonry | 1 | |
| Gunpowder | 3 | |
| Armor | 3 | |
| Long Rifles | 1 | |
| Priest Training | 2 | |
| Lumber Harvesting | 2 | |
12 total
» buildings
| Altar of Kings | 2 | |
| Barracks | 2 | |
| Farm | 15 | |
| Lumber Mill | 1 | |
| Town Hall | 2 | |
| Scout Tower | 24 | |
| Guard Tower | 8 | |
| Arcane Tower | 2 | |
| Blacksmith | 1 | |
| Keep | 1 | |
| Arcane Vault | 1 | |
| Arcane Sanctum | 1 | |
| Castle | 1 | |
61 total
» build order
00:15 Altar of Kings
00:18 Barracks
00:27 Farm
01:32 Farm
02:05 Lumber Mill
03:37 Town Hall
03:41 Scout Tower
03:42 Scout Tower
03:44 Scout Tower
03:53 Farm
04:06 Guard Tower
04:13 Guard Tower
04:19 Guard Tower
04:22 Scout Tower
04:36 Guard Tower
04:38 Scout Tower
04:57 Scout Tower
05:01 Arcane Tower
05:26 Arcane Tower
05:28 Farm
06:19 Barracks
06:24 Blacksmith
06:52 Farm
07:27 Keep
07:40 Scout Tower
07:41 Scout Tower
08:02 Scout Tower
08:31 Guard Tower
08:33 Farm
08:34 Farm
09:08 Scout Tower
09:12 Scout Tower
09:15 Scout Tower
11:02 Arcane Vault
11:08 Guard Tower
11:38 Arcane Sanctum
11:52 Castle
13:20 Farm
13:20 Farm
14:02 Farm
14:03 Farm
14:43 Farm
15:20 Farm
17:50 Farm
19:51 Farm
24:34 Scout Tower
24:37 Scout Tower
24:38 Scout Tower
24:39 Scout Tower
24:40 Scout Tower
25:15 Guard Tower
25:17 Guard Tower
26:53 Town Hall
26:58 Scout Tower
27:01 Scout Tower
27:02 Scout Tower
27:03 Scout Tower
27:05 Scout Tower
27:06 Scout Tower
27:08 Scout Tower
34:49 Altar of Kings
» items
| Scroll of Town Portal | 2 | |
| Potion of Healing | 3 | |
| Potion of Mana | 1 | |
6 total
Titanfall_goty (
red | 61 APM | 4034 actions | 66:06)
8 Blademaster
3 Wind Walk
3 Critical Strike
1 Bladestorm
1 Mirror Image
5 Shadow Hunter
2 Hex
3 Healing Wave
» actions
| Assign group hotkey | 92 | |
| Basic commands | 184 | |
| Build / train | 80 | |
| Enter build submenu | 36 | |
| Enter hero's abilities submenu | 13 | |
| Give item / drop item | 3 | |
| Right click | 1689 | |
| Select / deselect | 417 | |
| Select group hotkey | 1285 | |
| Use ability | 235 | |
4034 total
» units
| Peon | 19 | |
| Wind Rider | 10 | |
| Troll Batrider | 1 | |
30 total
» upgrades
| Reinforced Defenses | 1 | |
| Ranged Weapons | 2 | |
| Envenomed Spears | 1 | |
| Armor | 2 | |
| Liquid Fire | 1 | |
| Melee Weapons | 1 | |
8 total
» buildings
| Altar of Storms | 1 | |
| Orc Burrow | 7 | |
| War Mill | 1 | |
| Voodoo Lounge | 1 | |
| Watch Tower | 39 | |
| Stronghold | 4 | |
| Beastiary | 4 | |
| Fortress | 1 | |
| Great Hall | 1 | |
59 total
» build order
00:07 Altar of Storms
00:19 Orc Burrow
00:42 War Mill
01:16 Voodoo Lounge
02:10 Watch Tower
02:15 Watch Tower
02:35 Watch Tower
03:24 Stronghold
03:25 Stronghold
03:30 Orc Burrow
03:37 Orc Burrow
04:06 Watch Tower
04:11 Orc Burrow
05:25 Watch Tower
06:02 Beastiary
06:06 Beastiary
09:36 Fortress
10:17 Orc Burrow
11:19 Watch Tower
11:20 Watch Tower
11:21 Watch Tower
11:22 Watch Tower
12:02 Orc Burrow
12:04 Orc Burrow
15:08 Beastiary
16:58 Watch Tower
16:59 Watch Tower
16:59 Watch Tower
21:03 Watch Tower
21:04 Watch Tower
21:04 Watch Tower
21:24 Watch Tower
21:24 Watch Tower
22:57 Watch Tower
22:57 Watch Tower
22:57 Watch Tower
22:58 Watch Tower
27:48 Watch Tower
27:49 Watch Tower
27:49 Watch Tower
27:49 Watch Tower
28:36 Watch Tower
28:37 Watch Tower
28:37 Watch Tower
28:56 Watch Tower
28:56 Watch Tower
29:05 Watch Tower
29:05 Watch Tower
29:06 Watch Tower
30:23 Watch Tower
30:23 Watch Tower
30:24 Watch Tower
31:39 Beastiary
31:43 Stronghold
31:43 Stronghold
38:46 Watch Tower
38:46 Watch Tower
38:46 Watch Tower
39:30 Great Hall
» items
| Healing Salve | 3 | |
| Lesser Clarity Potion | 6 | |
| Potion of Healing | 1 | |
| Potion of Mana | 1 | |
| Staff of Teleportation | 2 | |
| Scroll of Town Portal | 3 | |
| Tiny Great Hall | 2 | |
| Orb of Lightning | 1 | |
19 total
Chat log
(00:26 / Allies) Titanfall_goty: airr
(00:32 / All) Titanfall_goty: get titanfall on tuesday
(00:38 / All) Chomper: NO
(00:48 / All) Chomper: get dark souls 2 on tuesday
(05:08 / Allies) Titanfall_goty: wood plz
(08:27 / All) SoSoSo: you totally mh faggot
(08:49 / All) Titanfall_goty: which
(08:50 / All) Titanfall_goty: guy
(08:52 / All) Titanfall_goty: mhs
(08:56 / All) SoSoSo: pink
(09:05 / All) Titanfall_goty: wut proof do u have pink mhs
(09:18 / All) SoSoSo: he could tell my bm was chasing him and turned around
(09:19 / All) carryme2victory: My hero getting killed lol?
(09:29 / Allies) Titanfall_goty: gold
(09:30 / All) SoSoSo: you tried to run from my bm
(10:02 / All) SoSoSo: see
(10:23 / All) SoSoSo: He sent all his shit without a hero LOL
(10:38 / All) SoSoSo: Why pretend like you don't hack?
(11:28 / All) SoSoSo: You're so obvious
(13:13 / Allies) bottle-up: red kill
(14:02 / Allies) Titanfall_goty: gold me
(16:45 / All) SoSoSo: Blue and teal sure fucked red
(16:58 / All) SoSoSo: What considerate team players
(17:01 / Allies) bottle-up: red come
(17:08 / Allies) carryme2victory: GUYS
(17:11 / Allies) carryme2victory: guys hit orange
(17:15 / Allies) Titanfall_goty: wood me
(17:33 / Allies) bottle-up: main
(18:11 / Allies) bottle-up: tp
(18:14 / Allies) iscrewmilfs: nah
(19:40 / Allies) Titanfall_goty: give me fucking gold
(19:43 / All) carryme2victory: easy game
(20:45 / All) carryme2victory: LOL
(20:48 / All) carryme2victory: noob
(20:52 / All) carryme2victory: pure trash
(20:53 / All) SoSoSo: mher
(20:58 / All) carryme2victory: trash 100%$
(21:10 / All) SoSoSo: says obvious hacker
(21:16 / All) carryme2victory: so easy
(21:38 / Allies) carryme2victory: come
(21:39 / Allies) carryme2victory: blue
(22:01 / Allies) carryme2victory: stupid red
(22:44 / Allies) carryme2victory: guys go hit ffs
(23:02 / Allies) carryme2victory: now they all tp
(23:25 / All) iscrewmilfs: haha fag
(23:28 / Allies) carryme2victory: guys
(23:30 / Allies) carryme2victory: go now
(23:35 / Allies) carryme2victory: they all tp to kill me
(24:56 / Allies) bottle-up: red kill
(24:59 / Allies) Titanfall_goty: coming
(26:00 / All) SoSoSo: so easy huh pink
(26:05 / All) carryme2victory: it is
(26:10 / Allies) Titanfall_goty: go teal
(26:23 / Allies) carryme2victory: guys just hit
(26:23 / Allies) carryme2victory: u win
(27:23 / Allies) Titanfall_goty: wood
(27:50 / All) SoSoSo: cool expo
(27:59 / All) NaiLz7768: EZ
(28:16 / All) carryme2victory: sure
(28:51 / All) NaiLz7768: no hero for u
(28:54 / All) NaiLz7768: ez
(28:58 / All) carryme2victory: no win for u
(28:59 / All) carryme2victory: ^^
(29:12 / All) carryme2victory: where ur army green?
(29:16 / All) carryme2victory: LOL raped
(29:17 / All) carryme2victory: big time
(29:24 / All) carryme2victory: alt qq
(29:40 / Allies) carryme2victory: anyone has 300 gold
(29:41 / Allies) carryme2victory: for hero?
(31:11 / All) SoSoSo: heh
(31:22 / All) carryme2victory: sososo u lose
(31:24 / All) carryme2victory: MHeuaheuahushduah
(31:45 / Allies) carryme2victory: blue
(31:46 / Allies) carryme2victory: send tank
(31:54 / All) carryme2victory: cool towers
(32:11 / All) carryme2victory: u stuck?
(32:14 / All) SoSoSo: don't pretend like you don't mh faggot
(32:18 / All) carryme2victory: I dont
(32:20 / All) carryme2victory: peon saw u
(32:22 / All) carryme2victory: Idiot
(32:24 / All) carryme2victory: stop crying faggot
(32:31 / All) SoSoSo: yeah
(32:42 / All) carryme2victory: it was such an easy win
(32:44 / All) carryme2victory: i feel like i mh
(33:31 / All) SoSoSo: keep ping it pink you see it with your maphack
(33:41 / All) carryme2victory: See what
(33:45 / All) carryme2victory: kodos #1
(34:07 / All) carryme2victory: woth it
(34:08 / All) carryme2victory: green?
(34:17 / All) carryme2victory: Killing my peon was it worth it?
(34:30 / All) NaiLz7768: yes
(34:41 / All) carryme2victory: Ima go check expos
(34:52 / Allies) Titanfall_goty: gold plz
(35:02 / All) carryme2victory: U dead
(35:03 / All) carryme2victory: green
(35:05 / All) carryme2victory: qq plz
(35:55 / Allies) Titanfall_goty: tp at ur expo teal?
(35:57 / Allies) carryme2victory: fuck
(35:59 / Allies) carryme2victory: 20 gold plz
(36:01 / Allies) carryme2victory: for hero
(36:05 / Allies) carryme2victory: red
(36:06 / Allies) carryme2victory: gold plz
(36:24 / Allies) carryme2victory: blue can i ge 100 gold
(36:24 / Allies) carryme2victory: plz
(36:27 / Allies) carryme2victory: u have 1k
(36:46 / Allies) carryme2victory: anyoen gold me
(36:51 / Allies) Titanfall_goty: ur fine pink
(36:56 / Allies) carryme2victory: i need
(37:00 / Allies) carryme2victory: 100 gold for hero
(37:06 / Allies) carryme2victory: u have 3k
(37:07 / Allies) carryme2victory: lol
(37:13 / Allies) Titanfall_goty: tp at ur main teal?
(37:23 / Allies) carryme2victory: ok win this game for me slaves
(37:26 / Allies) carryme2victory: ima watch u play it
(38:43 / Allies) bottle-up: fuck rd
(38:52 / Allies) Titanfall_goty: quit ur whining we got htis
(39:15 / Allies) bottle-up: blue gold please for hero
(39:20 / All) SoSoSo: Annoying faggot
(39:35 / All) carryme2victory: my slave red
(39:37 / All) carryme2victory: is winning for me
(39:38 / All) Titanfall_goty: lawl
(39:49 / All) carryme2victory: I told him ima go afk i want u to win
(39:54 / All) carryme2victory: he follows my orders
(40:01 / All) carryme2victory: nice job red
(40:02 / Allies) bottle-up: red give gold
(40:08 / All) carryme2victory: someday u will be like me
(40:08 / All) Titanfall_goty: carryme2victory i know owned this faggot before
(40:25 / All) carryme2victory: i dont think so
(40:27 / All) carryme2victory: but keep playing
(40:32 / All) carryme2victory: dont take to much time
(40:43 / All) carryme2victory: when i come back i want
(40:49 / All) carryme2victory: victory on my screen is it clear fagget
(40:54 / All) Titanfall_goty: want gold so u can rez ur am?
(41:01 / All) carryme2victory: not rlly
(41:06 / Allies) bottle-up: 300 gold
(41:13 / All) carryme2victory: well ttyl
(41:39 / All) NaiLz7768: purple 10k gold wont share LOL
(41:47 / Allies) Titanfall_goty: lets rape o hero
(42:11 / All) Titanfall_goty: GONNA get raped oj
(42:43 / Allies) bottle-up: red go
(42:47 / Allies) Titanfall_goty: coming
(42:53 / All) NaiLz7768: purple 12k gold wont share
(43:20 / All) carryme2victory: red is it that hard
(43:27 / All) carryme2victory: I mean u will never be on my level
(45:08 / Allies) bottle-up: idio
(45:11 / All) Titanfall_goty: lol
(45:49 / Allies) bottle-up: 200 gold
(46:01 / All) SoSoSo: you make me fucking sick for attacking at top mid expo
(47:37 / All) iscrewmilfs: fucking faggot red
(47:41 / All) SoSoSo: Blue's MK has died like 20 times
(47:41 / All) Titanfall_goty: lol
(47:58 / All) Titanfall_goty: do u retards not get it yet
(48:04 / All) iscrewmilfs: lmao it was 3 of you bitches vs me in the begining of the game
(48:13 / All) SoSoSo: k
(49:06 / All) bottle-up: fuck noob
(49:08 / All) Titanfall_goty: Lol
(49:13 / All) Titanfall_goty: carrryme2victory is def a hacker
(49:35 / All) bottle-up: you vrey noob
(49:42 / All) Titanfall_goty: closer than usual but in the end, wild bunch comes out on top
(50:11 / All) SoSoSo: I never went over 50 food
(50:19 / All) iscrewmilfs: your so pro
(50:25 / All) SoSoSo: Thanks :)
(51:04 / All) SoSoSo: did pink hide his peons
(51:12 / All) Titanfall_goty: hes 0/0
(51:40 / All) SoSoSo: 2 ez game
(51:45 / All) SoSoSo: pink made it too ez
(51:57 / All) Titanfall_goty: i should have got expo early on but oh well, i could not tell who was stronger
(52:35 / All) iscrewmilfs: what the hell you talking about who was stronger?
(52:51 / All) Titanfall_goty: MAYBE when ur older blue
(53:07 / All) SoSoSo: Blue and teal fucked you over
(53:14 / All) iscrewmilfs: oh trust me I bet I am older than you
(53:18 / All) SoSoSo: Pink took outside so why the hell did blue take the expo that he took?
(53:21 / All) SoSoSo: It's not even his natural
(53:24 / All) Titanfall_goty: it was my fault i figured they would take em'
(53:32 / Allies) carryme2victory: so
(53:39 / All) Titanfall_goty: they did feed me gold and teal was there when oj yellow hit me
(53:44 / All) carryme2victory: so
(53:46 / All) Titanfall_goty: let me find proof i owned carryme2victory
(53:51 / All) Titanfall_goty: we have records pink
(53:55 / All) Titanfall_goty: highper.ch
(54:00 / All) Titanfall_goty: hold on pink let me get it
(54:06 / All) carryme2victory: cool story bro
(54:18 / All) carryme2victory: want a medal
(54:30 / All) iscrewmilfs: so red and purple are but buddies?
(54:36 / All) carryme2victory: u coudnt even win this game thats how lame u are+
(55:13 / All) SoSoSo: aw shit
(55:14 / All) Titanfall_goty: "we played pink back in november 2013
(55:17 / All) Titanfall_goty: and proof was this
(55:20 / All) Titanfall_goty: here is his chat
(55:21 / All) iscrewmilfs: you wont be able to kill my base red
(55:25 / All) SoSoSo: You killed my hero while I was alt tabbed
(55:51 / All) Titanfall_goty: 26:58 / All) carryme2victory: yeah cause i would love to see that fat nerd
(55:57 / All) Titanfall_goty: 27:04 / All) carryme2victory: and kick the shit out of his head
(56:08 / All) Titanfall_goty: (31:01 / Allies) carryme2victory: so whats the plan(31:04 / Allies) carryme2victory: bs and then leave?
(56:24 / All) carryme2victory: cool
(56:37 / All) carryme2victory: so what should
(56:40 / All) carryme2victory: i get my evee
(56:47 / All) carryme2victory: Into a vaporeon
(56:48 / All) carryme2victory: Jolteon
(56:49 / All) Titanfall_goty: get u all rattled up
(56:56 / All) carryme2victory: oh
(57:00 / All) carryme2victory: u the same guy
(57:06 / All) carryme2victory: who plays and then bs team?
(57:14 / All) carryme2victory: and have his bf on the other team
(57:16 / Allies) carryme2victory: l
(57:18 / All) carryme2victory: LOL
(57:20 / All) Titanfall_goty: (40:24 / All) carryme2victory: im am jean claude van dam
(57:28 / All) carryme2victory: so sad
(57:34 / All) carryme2victory: like after a year u keep doing it
(57:35 / All) carryme2victory: LO
(57:57 / All) carryme2victory: U suck
(58:47 / All) Titanfall_goty: lol
(58:57 / All) Titanfall_goty: that was quick
(59:31 / All) Titanfall_goty: blue is out of gold
(59:35 / All) Titanfall_goty: he is being a bad sport now
(59:56 / All) iscrewmilfs: yeah you so bad don't know hot keys
(59:56 / All) Titanfall_goty: ur asshole teammates frustrated me when they hit right side when they shoudlnt have
(60:02 / All) Titanfall_goty: lol
(60:07 / All) Titanfall_goty: right click = pro man
(60:15 / All) Titanfall_goty: i got 50 apm and betta than u
(60:32 / All) iscrewmilfs: your a faggot thats waht you are
(60:38 / All) Titanfall_goty: i am no such thing
(60:41 / All) Titanfall_goty: wut is purple if im a fag?
(60:48 / All) iscrewmilfs: suck my dig fucken faggot
(60:53 / All) Titanfall_goty: lawl
(60:59 / All) Titanfall_goty: u sound a tad bit angry blue
(61:06 / All) Titanfall_goty: do i detect rage in ur fingers
(61:13 / All) iscrewmilfs: i hate gay fuckers ok
(62:05 / All) Titanfall_goty: blue wut would u do if u saw me in real life, hug me?
(62:19 / All) iscrewmilfs: titanfall goty lmao can't even get laid
(62:29 / All) iscrewmilfs: another gay name
(62:37 / All) Titanfall_goty: titan fall is an awesome name man
(62:56 / All) iscrewmilfs: yeah titan your asss
(63:10 / All) iscrewmilfs: FAGGOT